 Seeded DCSS version 0.25-a0-310-g60f0ac2 (webtiles) character file.

Game seed: 8985230646667615760, levelgen mode: deterministic

54 Auros the Sneak (level 3, 0/19 HPs)
             Began as a Vampire Earth Elementalist on Dec 23, 2019.
             Slain by a worker ant (4 damage)
             ... on level 4 of the Dungeon.
             The game lasted 00:20:55 (1508 turns).

Auros the Sneak (Vampire Earth Elementalist)        Turns: 1508, Time: 00:20:55

Health: 0/19       AC:  3    Str:  6 (8)  XL:     3   Next: 66%
Magic:  3/6        EV: 12    Int: 16 (17) God:
Gold:   27         SH:  0    Dex: 12 (14) Spells: 5/6 levels left

rFire    + . .     SeeInvis +   g - +0 short sword
rCold    + + .     Gourm    .   (no shield)
rNeg     + + +     Faith    .   b - +0 leather armour {rF+}
rPois    ∞         Spirit   .   (no helmet)
rElec    .         Reflect  .   (no cloak)
rCorr    .         Harm     .   (no gloves)
MR       .....     Rnd*Tele +   (no boots)
Stlth    ++++......             z - amulet of regeneration
HPRegen  0.00/turn              t - ring of teleportation (curse)
MPRegen  0.10/turn              (no ring)

@: bloodless
A: no food, fangs 3, see invisible, unbreathing
a: Bat Form, Revivify


You were on level 4 of the Dungeon.
You were bloodless.

You visited 1 branch of the dungeon, and saw 5 of its levels.

You collected 27 gold pieces.

Inventory:

Hand Weapons
 a - a +0 club
 g - a +0 short sword (weapon)
Missiles
 e - 25 sling bullets
 f - 61 arrows
 k - 19 bolts
 Z - 74 stones (quivered)
Armour
 b - a +0 leather armour of fire resistance (worn)
 c - a +0 robe
 l - a +0 leather armour
 n - a +0 robe
Jewellery
 i - an uncursed ring of fire {unknown}
 t - a cursed ring of teleportation (left hand)
 z - an amulet of regeneration (around neck)
Scrolls
 j - a scroll of identify {unknown}
 m - a scroll of magic mapping {unknown}
Potions
 d - 2 potions of brilliance {unknown}
 h - a potion of invisibility {unknown}


   Skills:
 + Level 1.0 Short Blades
 + Level 2.8 Dodging
 + Level 4.0 Stealth
 + Level 2.4 Spellcasting
   Level 1.1 Transmutations
 + Level 3.3 Earth Magic


You had 5 spell levels left.
You knew the following spells:

 Your Spells              Type           Power        Failure   Level  Hunger
a - Sandblast             Erth           ##....       8%          1    N/A

Your spell library contained the following spells:

 Spells                   Type           Power        Failure   Level  Hunger
 Passwall                 Tmut/Erth      #.......     19%         2    N/A
 Stone Arrow              Conj/Erth      #.....       43%         3    N/A
 Petrify                  Tmut/Erth      #.......     77%         4    N/A
 Lee's Rapid Deconstruct  Erth           ##........   91%         5    N/A

Dungeon Overview and Level Annotations

Branches:
Dungeon (5/15)
 Temple: D:4-7

Altars:
Wu Jian

Annotations:
D:5 Dowan, Duvessa


Innate Abilities, Weirdness & Mutations

You do not eat.
You do not regenerate when monsters are visible.
You are frail without blood (-20% HP).
You can heal yourself when you bite living creatures.
You are immune to poison.
You have razor-sharp teeth.
You have supernaturally acute eyesight. (SInv)
You can survive without breathing.


Message History

The worker ant barely misses you. The worker ant bites you.
* * * LOW HITPOINT WARNING * * *
There is a stone staircase leading down here.
You see here a worker ant corpse.
The worker ant bites you.
* * * LOW HITPOINT WARNING * * *
Press: ? - help, v - describe, . - travel The floor.
Okay, then.
Casting: Sandblast (safe; 8% risk of failure)
Confirm with . or Enter, or press ? or * to list all spells.
Aiming: Sandblast (safe; 8% risk of failure)
Press: ? - help, Shift-Dir - straight line, f - worker ant
Aim: a worker ant (lightly wounded)
The blast of sand hits the worker ant but does no damage.
The worker ant is lightly wounded.
Z - 74 stones The worker ant bites you.
You die...

#...# #... #..## #...
####.### #.## #......#
#. # #.##.#.## # #
#.##....#
#######.####..# #.
#####........###..#####.
#.....@.###.%...........
#.##..#a# ##.##########.
####.##.##.# #.# #.
#$......##†# #.#
#.##.#####># #.#
#.#####.# .#. #.......#
. # ##.....## . #.....#
.#


You could see a worker ant.

Vanquished Creatures
  A worker ant (D:4)
  2 oozes (D:1)
  A dart slug (D:1)
  4 giant cockroaches (D:1)
  2 hobgoblins (D:1)
  3 kobolds (D:1)
  A ball python (D:1)
  2 bats (D:1)
  2 frilled lizards (D:1)
  2 goblins (D:1)
  3 rats (D:1)
23 creatures vanquished.

Notes
Turn   | Place    | Note
-------+----------+-------------------------------------------
     0 | D:1      | Auros the Vampire Earth Elementalist began the quest for
                  | the Orb.
     0 | D:1      | Reached XP level 1. HP: 13/13 MP: 3/3
   200 | D:1      | Reached XP level 2. HP: 13/19 MP: 5/5
   807 | D:1      | Reached XP level 3. HP: 19/19 MP: 6/6
  1308 | D:4      | Noticed a sky beast
  1311 | D:4      | Found an ornate altar of the Wu Jian Council.
  1342 | D:5      | Entered Level 5 of the Dungeon
  1342 | D:5      | Noticed Dowan
  1344 | D:5      | Noticed a scorpion
  1347 | D:5      | Noticed Duvessa
  1484 | D:4      | Reached skill level 1 in Short Blades
  1484 | D:4      | Reached skill level 4 in Stealth
  1508 | D:4      | Slain by a worker ant

Levels and vault maps discovered:
D:1:      doesnt_arrival_eight_statues, layout_loops_ring, serial_park_tiny_pond
D:2:      layout_basic, marbit_many_paths, lemuel_zombie_altar_yredelemnul
D:3:      layout_basic
D:4:      layout_loops_cross, kennysheep_mini_moat, serial_shops,
          nicolae_shop_trees, first_ration, minmay_misc_feat_x
D:5:      layout_basic, nicolae_gozag_cash_rules_everything_around_me,
          cheibriados_altar_1, overflow_temple_1_default, uniq_duvessa

Skill      XL: |  1  2  3 |
---------------+----------+-----
Short Blades   | 1 |  1.0
Stealth        | 4 |  4.0
Dodging        | |  2.8
Spellcasting   | |  2.4
Transmutations | |  1.1
Earth Magic    | |  3.3

Action                   || total
-------------------------++-------
Melee: Club              ||    19
       Bite              ||     6
       Short sword       ||    38
       Unarmed           ||    33
Throw: Stone             ||     1
 Cast: Sandblast         ||    12
 Abil: Exsanguinate      ||     1
       End Transformatio ||     1
       Bat Form          ||     1
  Use: Scroll            ||     1
 Stab: Sleeping          ||     6
Armor: Leather armour    ||    24
       Robe              ||     2
Dodge: Dodged            ||    93

Table legend:
 A = Non-vault XP
 B = Vault XP
 C = Vault XP percentage of total XP
 D = Non-vault monster count
 E = Vault monster count
 F = Vault count percentage of total count
                 A         B        C        D         E       F
            +---------+---------+-------+---------+---------+-------
      Total |      78 |       0 |   0.0 |      23 |       0 |   0.0
            +---------+---------+-------+---------+---------+-------
        D:1 |      45 |       0 |   0.0 |      22 |       0 |   0.0
        D:4 |      33 |       0 |   0.0 |       1 |       0 |   0.0
            +---------+---------+-------+---------+---------+-------
